 Dungeon Crawl Stone Soup version 0.18.1-8-gdd0e5ea (webtiles) character file.

265 mistymad the Ruffian (level 6, -3/55 HPs)
             Began as a Naga Transmuter on May 21, 2016.
             Killed from afar by an orc wizard (12 damage)
             ... with a puff of flame
             ... on level 4 of the Dungeon.
             The game lasted 00:30:47 (5083 turns).

mistymad the Ruffian (Naga Transmuter)              Turns: 5083, Time: 00:30:48

Health: -3/55      AC:  5    Str: 12    XL:     6   Next: 20%
Magic:  4/10       EV: 10    Int: 16    God:
Gold:   178        SH:  0    Dex: 11    Spells: 3 memorised, 5 levels left

rFire  . . .     SeeInvis +       - Unarmed
rCold  . . .     Gourm    .     b - +0 robe
rNeg   . . .     Faith    .     (no shield)
rPois  +         Spirit   .     (no helmet)
rElec  .         Dismiss  .     p - +0 cloak
rCorr  .         Reflect  .     e - +0 pair of gloves
SustAt +         Harm     .     (no barding)
MR     .....                    (no amulet)
Stlth  +.........               (no ring)
                                w - ring of sustain attributes

@: confused, very slow, not resistant to hostile enchantments, very unstealthy
A: see invisible, deformed body, poison resistance, slowness 2, slow metabolism
1, spit poison 2, AC +2
a: Spit Poison


You were on level 4 of the Dungeon.
You were not hungry.

You visited 1 branch of the dungeon, and saw 4 of its levels.

You collected 178 gold pieces.

Inventory:

Missiles
 a - 98 arrows
 j - 9 poisoned needles (quivered)
Armour
 b - a +0 robe (worn)
 e - a +0 pair of gloves (worn)
 p - a +0 cloak (worn)
Jewellery
 w - a ring of sustain attributes (left hand)
Scrolls
 g - a scroll of magic mapping {unknown}
 h - 2 scrolls of identify {unknown}
 m - a scroll of blinking {unknown}
 q - a scroll of random uselessness {unknown}
 s - a scroll of enchant weapon {unknown}
 v - a scroll of remove curse {unknown}
Potions
 f - a potion of lignification {unknown}
 i - a potion of magic {unknown}
 k - a potion of curing {unknown}
 o - 2 potions of agility {unknown}
 t - a potion of berserk rage {unknown}
Books
 c - a book of Changes

   Spells                             Type                      Level
   a - Beastly Appendage              Transmutation                1
   b - Sticks to Snakes               Transmutation                2
   c - Spider Form                    Transmutation/Poison         3
   d - Ice Form                       Ice/Transmutation            4
   e - Blade Hands                    Transmutation                5
Comestibles
 d - 4 bread rations
 l - a royal jelly
 n - 2 meat rations
 r - 3 fruits


   Skills:
 + Level 2.7 Fighting
 + Level 2.5 Dodging
 + Level 4.0 Unarmed Combat
 + Level 3.2 Spellcasting
 + Level 3.2 Transmutations


You had 5 spell levels left.
You knew the following spells:

 Your Spells              Type           Power        Failure   Level  Hunger
a - Beastly Appendage     Trmt           ##....       6%          1    None
b - Sticks to Snakes      Trmt           ##......     10%         2    ##.....
c - Spider Form           Trmt/Pois      #.........   34%         3    ###....


Dungeon Overview and Level Annotations

Branches:
Dungeon (4/15)
 Temple: D:4-7

Altars:
Nemelex Xobeh


Innate Abilities, Weirdness & Mutations

You cannot wear boots.
Your serpentine skin is tough (AC +2).
You have supernaturally acute eyesight.
Armour fits poorly on your strangely shaped body.
Your system is resistant to poisons.
You cover ground very slowly.
You have a slow metabolism.
You can spit poison.


Message History

Are you sure you want to stumble around while confused and next to your adder? [Y]es or [N]o only, please.
Are you sure you want to stumble around while confused and next to your adder?
Okay, then.
You feel sick.
You are no longer poisoned.
The orc wizard hits you with a dagger.
* * * LOW HITPOINT WARNING * * *
The orc wizard barely misses you.
Are you sure you want to stumble around while confused and next to your adder? [Y]es or [N]o only, please.
Are you sure you want to stumble around while confused and next to your adder? [Y]es or [N]o only, please.
Are you sure you want to stumble around while confused and next to your adder? [Y]es or [N]o only, please.
Are you sure you want to stumble around while confused and next to your adder?
Okay, then.
The orc wizard gestures at you while chanting.
The puff of flame hits you!
You die...

#.# #.# .
#.# #. #.#
... #.# #..
#<#
#..#####)##
#......)o#
####...S@#
##....#
#....#
#....#
#....#
.......#
........##
.....##..
..<.. ...


You could see an orc wizard (invisible) and a friendly adder.

Vanquished Creatures
  Crazy Yiuf (D:3)
  2 orc wizards
  6 adders
  An ooze (D:1)
  3 worms
  3 dart slugs (D:1)
  A giant gecko (D:2)
  3 orcs
  2 ball pythons
  7 bats
  2 giant cockroaches
  9 goblins
  7 hobgoblins
  5 jackals
  8 kobolds
  A quokka (D:3)
  4 giant newts
  7 rats
72 creatures vanquished.

Vanquished Creatures (collateral kills)
  A scorpion (D:4)
  An orc (D:4)
2 creatures vanquished.

Grand Total: 74 creatures vanquished

Notes
Turn   | Place    | Note
--------------------------------------------------------------
     0 | D:1      | mistymad the Naga Transmuter began the quest for the Orb.
     0 | D:1      | Reached XP level 1. HP: 18/18 MP: 3/3
   247 | D:1      | Reached XP level 2. HP: 25/25 MP: 3/5
   361 | D:1      | Learned a level 2 spell: Sticks to Snakes
   725 | D:1      | Reached XP level 3. HP: 31/31 MP: 4/6
  1836 | D:2      | Reached XP level 4. HP: 31/38 MP: 5/7
  2702 | D:3      | Found a sparkling altar of Nemelex Xobeh.
  3478 | D:3      | Noticed Crazy Yiuf
  3496 | D:3      | Killed Crazy Yiuf
  3496 | D:3      | Reached XP level 5. HP: 27/45 MP: 2/9
  3551 | D:3      | Learned a level 3 spell: Spider Form
  5058 | D:4      | Reached XP level 6. HP: 44/55 MP: 1/10
  5066 | D:4      | Reached skill level 4 in Unarmed Combat
  5083 | D:4      | Killed from afar by an orc wizard

Skill      XL: |  1  2  3  4  5  6 |
---------------+-------------------+-----
Dodging        | 2 |  2.5
Fighting       | 2 |  2.7
Spellcasting   | 3 |  3.2
Transmutations | 3 |  3.2
Unarmed Combat | 4 |  4.0

Action                   |  1- 3 |  4- 6 || total
-------------------------+-------+-------++-------
Melee: Unarmed           |    95 |   224 ||   319
       Headbutt          |    16 |    11 ||    27
       Punch             |     2 |     3 ||     5
 Cast: Beastly Appendage |    24 |    30 ||    54
       Sticks to Snakes  |       |     4 ||     4
 Abil: Spit Poison       |     1 |     3 ||     4
  Eat: Chunk             |     2 |     9 ||    11
Armor: Robe              |    30 |    80 ||   110
Dodge: Dodged            |    68 |   139 ||   207
